 Dungeon Crawl Stone Soup version 0.21.1-1-g345015f (webtiles) character file.

1059 Tarshaid the Insei (level 8, -6/91 HPs)
             Began as a White Draconian Transmuter on Apr 15, 2018.
             Was an Initiate of Gozag.
             Mangled by a killer bee (9 damage)
             ... on level 7 of the Dungeon.
             The game lasted 00:19:11 (5684 turns).

Tarshaid the Insei (White Draconian Transmuter)     Turns: 5684, Time: 00:19:12

Health: -6/91      AC:  6    Str: 17    XL:     8   Next: 6%
Magic:  11/11      EV: 12    Int: 16    God:    Gozag
Gold:   895        SH:  0    Dex: 12    Spells: 5/11 levels left

rFire    . . .     SeeInvis +     - Unarmed
rCold    + . .     Gourm    .   (no shield)
rNeg     . . .     Faith    .   (armour unavailable)
rPois    +         Spirit   .   (helmet restricted)
rElec    .         Reflect  .   (no cloak)
rCorr    .         Harm     .   (no gloves)
MR       .....                  (boots currently unavailable)
Stlth    ..........             (no amulet)
HPRegen  0.25/turn              v - ring of see invisible
MPRegen  0.12/turn              x - ring of poison resistance

@: berserking, lethally poisoned (-6 -> -6), short of breath, appendage, very
quick
A: breathe frost, unfitting armour, talons 3, cold resistance 1, cold-blooded,
AC +6
a: Breathe Frost, End Transformation, Potion Petition, Call Merchant, Bribe
Branch, Renounce Religion


You were on level 7 of the Dungeon.
You worshipped Gozag.
Gozag was pleased with you.
You were not hungry.
You had grown temporary talons.
You visited 1 branch of the dungeon, and saw 7 of its levels.
You also visited: Sewer.

You collected 936 gold pieces.
You paid 41 gold pieces to Gozag.

Inventory:

Missiles
 a - 36 arrows
 d - 356 stones (quivered)
Jewellery
 v - a ring of see invisible (left hand)
 x - a ring of poison resistance (right hand)
Wands
 w - a wand of polymorph (16)
Scrolls
 e - 4 scrolls of identify
 f - 4 scrolls of teleportation
 h - a scroll of noise {unknown}
 i - a scroll of enchant weapon {unknown}
 j - a scroll of remove curse
 m - a scroll of immolation {unknown}
 n - a scroll of amnesia {unknown}
 q - a scroll of fog {unknown}
 r - 3 scrolls of enchant armour {unknown}
 u - 2 scrolls of fear {unknown}
Potions
 g - 2 potions of brilliance
 k - a potion of lignification {unknown}
 l - a potion of mutation {unknown}
 o - 3 potions of curing
 p - 2 potions of flight
 t - 2 potions of degeneration {unknown}
Books
 b - a book of Changes

   Spells                             Type                      Level
   a - Beastly Appendage              Transmutation                1
   b - Sticks to Snakes               Transmutation                2
   c - Spider Form                    Transmutation/Poison         3
   d - Ice Form                       Ice/Transmutation            4
   e - Blade Hands                    Transmutation                5
Comestibles
 c - 5 rations


   Skills:
 - Level 2.0 Fighting
 - Level 2.0 Dodging
 + Level 7.1 Unarmed Combat
 - Level 2.0 Spellcasting
 + Level 6.8 Transmutations


You had 5 spell levels left.
You knew the following spells:

 Your Spells              Type           Power        Failure   Level  Hunger
a - Beastly Appendage     Tmut           ###...       1%          1    #......
b - Sticks to Snakes      Tmut           ###.....     1%          2    ###....
c - Spider Form           Tmut/Pois      ##........   16%         3    ###....


Dungeon Overview and Level Annotations

Branches:
Dungeon (8/15)
 Temple: D:4-7         Lair: D:8-11

Altars:
Ashenzari
Dithmenos
Fedhas
Gozag
Hepliaklqana
Qazlal
Zin

Annotations:
D:2 2 transporters
D:3 mocassin
D:7 p0werm0de's ghost, novice DgNe


Innate Abilities, Weirdness & Mutations

You can breathe waves of freezing cold.
You can buffet flying creatures when you breathe cold.
Your icy white scales are hard. (AC +6)
You cannot fit into any form of body armour.
Your flesh is cold resistant. (rC+)
You are cold-blooded and may be slowed by cold attacks.
You have claws for feet.


Message History

You closely miss the killer bee. Your kick misses the killer bee.
Your tail-slap misses the killer bee.
The killer bee is heavily wounded.
The killer bee closely misses you. The killer bee misses you. x2
You barely miss the killer bee. Your kick misses the killer bee.
The killer bee is heavily wounded.
The howler monkey closely misses you. The killer bee barely misses you.
The killer bee closely misses you.
You completely miss the killer bee. Your kick misses the killer bee.
The killer bee is heavily wounded.
You feel sick. The killer bee stings you.
* * * LOW HITPOINT WARNING * * *
The killer bee barely misses you. The howler monkey hits you.
* * * LOW HITPOINT WARNING * * *
Unknown command.
You barely miss the killer bee. Your kick misses the killer bee.
The killer bee is heavily wounded.
The killer bee stings you!
You die...
Your body crumbles into a pile of gold.

#...y.....
#.........
#....:....
####.........
#..$.......#
#.........%#
#..........#
#.yh.......#
#.y@.......#
#..........#
#..........#
#..........#
..##+#.....#
.#. ######
..#. $ .. #.


You could see a howler monkey and 2 killer bees.

Vanquished Creatures
  A water moccasin (D:8)
  An ice beast (D:8)
  A crocodile (Sewer)
  A bullfrog (D:8)
  3 killer bees
  A howler monkey (D:4)
  A crimson imp (D:5)
  A jelly (D:8)
  A bullfrog zombie (D:8)
  2 hounds
  A centaur skeleton (D:7)
  A bullfrog skeleton (D:4)
  An iguana (D:5)
  2 worker ants (D:4)
  A hound skeleton (D:8)
  4 gnolls (D:4)
  A howler monkey skeleton (D:8)
  6 adders
  A white imp (D:5)
  An ooze (D:1)
  5 worms
  2 dart slugs
  10 leopard geckos
  5 orcs
  3 ball pythons
  8 giant cockroaches
  10 goblins
  8 hobgoblins
  7 jackals
  2 quokkas (D:8)
  17 bats
  3 frilled lizards
  A jackal skeleton (D:4)
  7 kobolds
  6 rats
126 creatures vanquished.

Vanquished Creatures (others)
  4 toadstools (D:1)
4 creatures vanquished.

Grand Total: 130 creatures vanquished

Notes
Turn   | Place    | Note
-------+----------+-------------------------------------------
     0 | D:1      | Tarshaid the Draconian Transmuter began the quest for the Orb.
     0 | D:1      | Reached XP level 1. HP: 16/16 MP: 3/3
   439 | D:1      | Reached XP level 2. HP: 18/23 MP: 3/5
  1042 | D:2      | Reached XP level 3. HP: 23/29 MP: 4/6
  1046 | D:2      | Learned a level 2 spell: Sticks to Snakes
  1090 | D:2      | Found a transporter.
  1090 | D:2      | Found a transporter.
  1126 | D:2      | Found a stormy altar of Qazlal.
  1128 | D:2      | Noticed a sky beast
  1384 | D:2      | Found an opulent altar of Gozag.
  1386 | D:2      | Found a hazy altar of Hepliaklqana.
  1386 | D:2      | Found a blossoming altar of Fedhas.
  1390 | D:2      | Became a worshipper of Gozag Ym Sagoz the Greedy
  1527 | D:3      | Reached XP level 4. HP: 28/36 MP: 7/7
  1644 | D:3      | Noticed a water moccasin
  1714 | D:3      | Reached skill level 4 in Unarmed Combat
  1737 | D:3      | Found a shattered altar of Ashenzari.
  2495 | D:4      | Reached XP level 5. HP: 27/41 MP: 6/8
  2570 | D:4      | Found a glowing silver altar of Zin.
  2737 | D:4      | Found a shadowy altar of Dithmenos.
  3162 | D:4      | Reached skill level 5 in Unarmed Combat
  3165 | D:4      | Reached XP level 6. HP: 38/48 MP: 9/9
  3581 | D:5      | Entered Level 5 of the Dungeon
  4048 | D:5      | Reached skill level 5 in Transmutations
  4054 | D:5      | Found a glowing drain.
  4058 | Sewer    | Entered a sewer
  4125 | Sewer    | Learned a level 3 spell: Spider Form
  4429 | D:5      | Your scales start taking on an icy white colour.
  4429 | D:5      | Reached XP level 7. HP: 55/55 MP: 8/10
  4429 | D:5      | Gained mutation: Your flesh is cold resistant. (rC+) [White Draconian growth]
  4818 | D:5      | You fall through a shaft for 3 floors!
  4867 | D:8      | Reached skill level 6 in Unarmed Combat
  4869 | D:8      | Noticed a wraith
  5086 | D:7      | Noticed p0werm0de's ghost (novice DgNe)
  5352 | D:7      | Reached skill level 7 in Unarmed Combat
  5352 | D:7      | Reached XP level 8. HP: 45/61 MP: 11/11
  5683 | D:7      | HP: 4/91 [killer bee (4)]
  5684 | D:7      | Mangled by a killer bee

Skill      XL: |  1  2  3  4  5  6  7 |
---------------+----------------------+-----
Dodging        | 2 |  2.0
Fighting       | 2 |  2.0
Transmutations | 3 4 5 6 |  6.8
Unarmed Combat | 4 5 7 |  7.1
Spellcasting   | |  2.0

Action                   |  1- 3 |  4- 6 |  7- 9 || total
-------------------------+-------+-------+-------++-------
Melee: Unarmed           |   180 |   247 |    92 ||   519
       Tailslap          |    12 |    27 |     8 ||    47
       Kick              |    12 |    25 |    15 ||    52
       Headbutt          |     8 |     7 |     3 ||    18
       Punch             |     3 |     4 |     1 ||     8
Throw: Stone             |       |     2 |       ||     2
 Cast: Beastly Appendage |    28 |    41 |    11 ||    80
       Sticks to Snakes  |       |     9 |       ||     9
       Spider Form       |       |     1 |     1 ||     2
Invok: Potion Petition   |       |     1 |       ||     1
 Abil: Breathe Frost     |       |       |    10 ||    10
  Use: Scroll            |       |     6 |       ||     6
       Potion            |       |     1 |     1 ||     2
 Stab: Sleeping          |       |     4 |       ||     4
       Distracted        |       |       |     1 ||     1
  Eat: Chunk             |     3 |       |       ||     3
       Ration            |       |     3 |     2 ||     5
Armor: Skin              |    75 |    78 |    30 ||   183
Dodge: Dodged            |   126 |   168 |    72 ||   366
